AoeStats
← Thedrunkenpiper

Arena

505133529Analyzed
2v2 RM · 25d ago on Sep 8, 2026· 44m 55s· 4 players
Game mode
Random Map
Map size
Medium (4 player)
Population
200
Speed
Normal
Resources
Standard
Victory
Conquest
Starting age
Dark Age
Ending age
Imperial Age
RankedLock teamsTeams togetherTeam positionsShared explorationLock speedFull tech treeHidden civsTurbo modeCheats
Victory
Defeat
🇦🇷 Spanish · Argentina
860
+18
🇺🇸 Teutons · United States
813
+20
🇺🇸 Sicilians · United States
948
-65
🇺🇸 Cumans · United States
863
-46
palermo9
7:17 Loom
9:33 Feudal Age
13:13 Wheelbarrow
17:29 Castle Age
16:13 Stone Mining
16:09 Double-Bit Axe
16:30 Gold Mining
19:28 Stone Shaft Mining
21:57 Town Watch
33:32 Imperial Age
33:37 Hand Cart
32:51 Elite Skirmisher
37:16 Chemistry
41:05 Scale Mail Armor
44:31 Horse Collar
prayingdantiss7
Thedrunkenpiper
15:01 Feudal Age
15:38 Man-at-Arms
Chungucha
10:52 Feudal Age
12:09 Horse Collar
16:25 Man-at-Arms
16:51 Arson
16:34 Man-at-Arms
16:59 Arson
18:22 Double-Bit Axe
21:30 Wheelbarrow
35:41 Castle Age
37:38 Long Swordsman
Connection lost

Rejoining the realm…

Still unreachable

The connection could not be restored.

Session expired

The server has moved on; the page needs a fresh start.